SL
SEATTLE AVIATORS @ NEW ORLEANS VOODOO
07/29/2034
 
TOP OF THE 1ST
Seattle Aviators batting - Pitching for New Orleans Voodoo : RHP Eddie Kop
Pitching: RHP Eddie Kop
Batting: SHB Nuygen Vuong 0-0: Ball
1-0: Ball
2-0: Called Strike
2-1: Foul Ball, location: 2F
2-2: Ball
3-2: Base on Balls
Batting: SHB Paul Wite 0-0: Called Strike
0-1: Ball
1-1: Fielders Choice at 2nd, 6-4 (Groundball, 6)
Batting: LHB Kenny Webster 0-0: Ball
1-0: Called Strike
1-1: Fly out, F5 (Popup, 5S)
Batting: LHB Yataro Kodo 0-0: Ball
1-0: Called Strike
1-1: Ground out 1-3 (Groundball, 13S)
Top of the 1st over - 0 runs, 0 hits, 0 errors, 1 left on base; Seattle 0 - New Orleans 0
BOTTOM OF THE 1ST
New Orleans Voodoo batting - Pitching for Seattle Aviators : RHP Dahab Kanda
Pitching: RHP Dahab Kanda
Batting: RHB Griffin Woodfinlevine 0-0: Called Strike
0-1: Ball
1-1: Ball
2-1: Fly out, F9 (Flyball, 9D)
Batting: RHB Gilberto Juárez 0-0: Called Strike
0-1: Ball
1-1: Called Strike
1-2: Ground out 4-3 (Groundball, 4M)
Batting: SHB Melito Báez 0-0: Swinging Strike
0-1: Foul Ball, location: 2F
0-2: Fly out, F5 (Popup, 56)
Bottom of the 1st over - 0 runs, 0 hits, 0 errors, 0 left on base; Seattle 0 - New Orleans 0
TOP OF THE 2ND
Seattle Aviators batting - Pitching for New Orleans Voodoo : RHP Eddie Kop
Batting: RHB Walt Miller 0-0: Swinging Strike
0-1: Called Strike
0-2: Ball
1-2: Strikes out swinging
Batting: RHB Albert Zamudio 0-0: SINGLE (Line Drive, 34D)
Batting: RHB Andrés López 0-0: Ball
1-0: Called Strike
1-1: Ball
2-1: Called Strike
2-2: Ball
3-2: Foul Ball, location: 2F
3-2: Foul Ball, location: 2F
3-2: Fly out, F9 (Flyball, 9D)
Batting: LHB Pedro Corona 0-0: Called Strike
0-1: Ball
1-1: Ground out 4-3 (Groundball, 4)
Top of the 2nd over - 0 runs, 1 hit, 0 errors, 1 left on base; Seattle 0 - New Orleans 0
BOTTOM OF THE 2ND
New Orleans Voodoo batting - Pitching for Seattle Aviators : RHP Dahab Kanda
Batting: RHB Claudio Tappen 0-0: Foul Ball, location: 2F
0-1: Ball
1-1: Swinging Strike
1-2: Ball
2-2: Ball
3-2: Strikes out swinging
Batting: LHB José Ruíz 0-0: Ball
1-0: Ball
2-0: Called Strike
2-1: Ball
3-1: Called Strike
3-2: Base on Balls
Batting: RHB Colm Goodwill 0-0: Ball
1-0: Ball
2-0: Ball
3-0: Called Strike
3-1: Called Strike
3-2: Fly out, F2 (Popup, 15S)
Batting: RHB Sergio Vásquez 0-0: Ball
1-0: Swinging Strike
1-1: Called Strike
1-2: Ball
José Ruíz steals 2nd base
2-2: Ball
3-2: Ground out 4-3 (Groundball, 4)
Bottom of the 2nd over - 0 runs, 0 hits, 0 errors, 1 left on base; Seattle 0 - New Orleans 0
TOP OF THE 3RD
Seattle Aviators batting - Pitching for New Orleans Voodoo : RHP Eddie Kop
Batting: LHB Del Truscott 0-0: Ball
1-0: Ball
2-0: Swinging Strike
2-1: Called Strike
2-2: Ground out 5-3 (Groundball, 56)
Batting: SHB Nuygen Vuong 0-0: Foul Ball, location: 2F
0-1: Ball
1-1: Foul Ball, location: 2F
1-2: Fly out, F8 (Flyball, 8LM)
Batting: SHB Paul Wite 0-0: Called Strike
0-1: Called Strike
0-2: Strikes out swinging
Top of the 3rd over - 0 runs, 0 hits, 0 errors, 0 left on base; Seattle 0 - New Orleans 0
BOTTOM OF THE 3RD
New Orleans Voodoo batting - Pitching for Seattle Aviators : RHP Dahab Kanda
Batting: RHB Orlando Velásquez 0-0: Foul Ball, location: 2F
0-1: DOUBLE (Groundball, 5L)
Batting: LHB Chris McKinney 0-0: Swinging Strike
0-1: Called Strike
0-2: Strikes out swinging
Batting: RHB Griffin Woodfinlevine 0-0: Foul Ball, location: 2F
0-1: DOUBLE (Line Drive, 7LM)
Orlando Velásquez scores
Batting: RHB Gilberto Juárez 0-0: Foul Ball, location: 2F
0-1: Foul Ball, location: 2F
0-2: Ball
1-2: Ball
2-2: Fly out, F3 (Flyball, 3D)
Now at 1B: Lester Kwiatkowski
Batting: SHB Melito Báez 0-0: Ball
1-0: Ball
2-0: Ball
3-0: Called Strike
3-1: Base on Balls
Batting: RHB Claudio Tappen 0-0: Called Strike
0-1: Ball
1-1: Foul Ball, location: 2F
1-2: SINGLE (Line Drive, 34)
Griffin Woodfinlevine to third
Melito Báez to second
Runner from 3rd tries for Home, SAFE, no throw
Batting: LHB José Ruíz 0-0: Called Strike
0-1: Fly out, F8 (Flyball, 78D)
Bottom of the 3rd over - 2 runs, 3 hits, 0 errors, 2 left on base; Seattle 0 - New Orleans 2
TOP OF THE 4TH
Seattle Aviators batting - Pitching for New Orleans Voodoo : RHP Eddie Kop
Batting: RHB Lester Kwiatkowski 0-0: Ball
1-0: Ball
2-0: Ball
3-0: Called Strike
3-1: Called Strike
3-2: SINGLE (Line Drive, 9LS)
Batting: LHB Yataro Kodo 0-0: Ball
1-0: SINGLE (Groundball, 15S) (infield hit)
Lester Kwiatkowski to second
Batting: RHB Walt Miller 0-0: Ball
1-0: Swinging Strike
1-1: Called Strike
1-2: Strikes out looking
Batting: RHB Albert Zamudio 0-0: Ball
1-0: TRIPLE (Flyball, 78XD)
Lester Kwiatkowski scores
Yataro Kodo scores
Batting: RHB Andrés López 0-0: Called Strike
0-1: SINGLE (Line Drive, 5S)
Albert Zamudio scores
Batting: LHB Pedro Corona 0-0: Ball
1-0: Ground out U3 (Groundball, 2R)
Andrés López to second
Batting: LHB Del Truscott 0-0: Ball
1-0: Fly out, F7 (Flyball, 7S)
Top of the 4th over - 3 runs, 4 hits, 0 errors, 1 left on base; Seattle 3 - New Orleans 2
BOTTOM OF THE 4TH
New Orleans Voodoo batting - Pitching for Seattle Aviators : RHP Dahab Kanda
Batting: RHB Colm Goodwill 0-0: Ball
1-0: Ball
2-0: Bunted foul
2-1: SOLO HOME RUN (Flyball, 7LD), Distance : 331 ft
Batting: RHB Sergio Vásquez 0-0: Ball
1-0: Ball
2-0: Ball
3-0: SINGLE (Groundball, 4D)
Batting: RHB Orlando Velásquez 0-0: Ball
1-0: Called Strike
1-1: Foul Ball, location: 2F
1-2: Grounds into double play, 4-6-3 (Groundball, 4M)
Batting: LHB Chris McKinney 0-0: SINGLE (Line Drive, 89S)
Batting: RHB Griffin Woodfinlevine 0-0: SINGLE (Line Drive, 8RS)
Chris McKinney to second
Batting: RHB Gilberto Juárez 0-0: Ground out U3 (Groundball, 34)
Bottom of the 4th over - 1 run, 4 hits, 0 errors, 2 left on base; Seattle 3 - New Orleans 3
TOP OF THE 5TH
Seattle Aviators batting - Pitching for New Orleans Voodoo : RHP Eddie Kop
Batting: SHB Nuygen Vuong 0-0: Foul Ball, location: 2F
0-1: Fly out, F8 (Flyball, 8LS)
Batting: SHB Paul Wite 0-0: Ball
1-0: Ball
2-0: Fly out, F9 (Flyball, 9D)
Batting: RHB Lester Kwiatkowski 0-0: Ball
1-0: Ball
2-0: Foul Ball, location: 2F
2-1: Ball
3-1: Base on Balls
Batting: LHB Yataro Kodo 0-0: Ball
1-0: Foul Ball, location: 2F
1-1: Foul Ball, location: 2F
1-2: Fly out, F6 (Popup, 4MD)
Top of the 5th over - 0 runs, 0 hits, 0 errors, 1 left on base; Seattle 3 - New Orleans 3
BOTTOM OF THE 5TH
New Orleans Voodoo batting - Pitching for Seattle Aviators : RHP Dahab Kanda
Batting: SHB Melito Báez 0-0: Ball
1-0: Foul Ball, location: 2F
1-1: Ball
2-1: Foul Ball, location: 2F
2-2: Ball
3-2: Ground out U3 (Groundball, 3S)
Batting: RHB Claudio Tappen 0-0: Ground out 6-3 (Groundball, 6)
Batting: LHB José Ruíz 0-0: Ball
1-0: Swinging Strike
1-1: Ball
2-1: DOUBLE (Line Drive, 89D)
Pinch Runner at 2nd Eikki Kankaanperä:
Batting: RHB Colm Goodwill 0-0: Intentional Walk
Batting: RHB Sergio Vásquez 0-0: DOUBLE (Flyball, 89XD)
Eikki Kankaanperä scores
Colm Goodwill to third
Runner from 3rd tries for Home, SAFE, no throw
Batting: RHB Orlando Velásquez 0-0: Intentional Walk
Batting: LHB Chris McKinney 0-0: Ball
1-0: Ball
2-0: Called Strike
2-1: Ball
3-1: Base on Balls
Sergio Vásquez to third
Orlando Velásquez to second
Batting: RHB Griffin Woodfinlevine 0-0: Ball
1-0: Swinging Strike
1-1: Ball
2-1: Foul Ball, location: 2F
2-2: Foul Ball, location: 2F
2-2: Ball
3-2: Foul Ball, location: 2F
3-2: Base on Balls
Sergio Vásquez scores
Orlando Velásquez to third
Chris McKinney to second
Pitching: RHP Jeff Territt
Batting: RHB Gilberto Juárez 0-0: Ball
1-0: Ball
2-0: SINGLE (Line Drive, 9S)
Orlando Velásquez scores
Chris McKinney to third
Griffin Woodfinlevine to second
Runner from 3rd tries for Home, SAFE, no throw
Batting: SHB Melito Báez 0-0: Ball
1-0: Ball
2-0: Ball
3-0: Base on Balls
Griffin Woodfinlevine to third
Gilberto Juárez to second
Batting: RHB Claudio Tappen 0-0: Foul Ball, location: 2F
0-1: Foul Ball, location: 2F
0-2: Fly out, F7 (Flyball, 7S)
Bottom of the 5th over - 5 runs, 3 hits, 0 errors, 3 left on base; Seattle 3 - New Orleans 8
TOP OF THE 6TH
Seattle Aviators batting - Pitching for New Orleans Voodoo : RHP Eddie Kop
Now in RF: Eikki Kankaanperä
Batting: RHB Walt Miller 0-0: Ball
1-0: Fly out, F8 (Flyball, 8LM)
Batting: RHB Albert Zamudio 0-0: Ball
1-0: Ground out 4-3 (Groundball, 4)
Batting: RHB Andrés López 0-0: Foul Ball, location: 2F
0-1: Ball
1-1: Swinging Strike
1-2: Ball
2-2: Foul Ball, location: 2F
2-2: Ground out 6-3 (Groundball, 6)
Top of the 6th over - 0 runs, 0 hits, 0 errors, 0 left on base; Seattle 3 - New Orleans 8
BOTTOM OF THE 6TH
New Orleans Voodoo batting - Pitching for Seattle Aviators : RHP Jeff Territt
Batting: RHB Eikki Kankaanperä 0-0: Called Strike
0-1: Ball
1-1: Ball
2-1: Ground out 6-3 (Groundball, 6)
Batting: RHB Colm Goodwill 0-0: Ball
1-0: Fly out, F8 (Flyball, 8LM)
Batting: RHB Sergio Vásquez 0-0: Ball
1-0: Ball
2-0: Ball
3-0: Base on Balls
Batting: RHB Orlando Velásquez 0-0: Ball
1-0: Foul Ball, location: 2F
1-1: Foul Ball, location: 2F
1-2: Ball
Sergio Vásquez steals 2nd base
2-2: Foul Ball, location: 2F
2-2: Ball
3-2: Intentional Walk
Batting: LHB Chris McKinney 0-0: Ball
1-0: Foul Ball, location: 2F
1-1: Ball
2-1: Ball
3-1: Base on Balls
Sergio Vásquez to third
Orlando Velásquez to second
Batting: RHB Griffin Woodfinlevine 0-0: Ball
1-0: Called Strike
1-1: Foul Ball, location: 2F
1-2: Strikes out looking
Bottom of the 6th over - 0 runs, 0 hits, 0 errors, 3 left on base; Seattle 3 - New Orleans 8
TOP OF THE 7TH
Seattle Aviators batting - Pitching for New Orleans Voodoo : RHP Eddie Kop
Batting: LHB Pedro Corona 0-0: Foul Ball, location: 2F
0-1: Ball
1-1: Ball
2-1: Foul Ball, location: 2F
2-2: Fly out, F9 (Flyball, 9S)
Batting: LHB Del Truscott 0-0: Swinging Strike
0-1: Foul Ball, location: 2F
0-2: Foul Ball, location: 2F
0-2: Ball
1-2: Ball
2-2: Strikes out swinging
Batting: SHB Nuygen Vuong 0-0: Called Strike
0-1: Ball
1-1: Ball
2-1: Ground out 6-3 (Groundball, 6D)
Top of the 7th over - 0 runs, 0 hits, 0 errors, 0 left on base; Seattle 3 - New Orleans 8
BOTTOM OF THE 7TH
New Orleans Voodoo batting - Pitching for Seattle Aviators : RHP Jeff Territt
Batting: RHB Gilberto Juárez 0-0: SINGLE (Groundball, 56D)
Batting: SHB Melito Báez 0-0: Ball
1-0: Foul Ball, location: 2F
1-1: Called Strike
Gilberto Juárez steals 2nd base
1-2: Ball
2-2: Foul Ball, location: 2F
2-2: SINGLE (Flyball, 7LS)
Gilberto Juárez to third
Runner from 3rd tries for Home, SAFE, no throw
Batting: RHB Claudio Tappen 0-0: Ball
1-0: Foul Ball, location: 2F
1-1: Called Strike
1-2: Grounds into double play, 6-4-3 (Groundball, 6M)
Batting: RHB Eikki Kankaanperä 0-0: Ball
1-0: Ball
2-0: Foul Ball, location: 2F
2-1: Foul Ball, location: 2F
2-2: Foul Ball, location: 2F
2-2: Fly out, F8 (Line Drive, 8LD)
Bottom of the 7th over - 1 run, 2 hits, 0 errors, 0 left on base; Seattle 3 - New Orleans 9
TOP OF THE 8TH
Seattle Aviators batting - Pitching for New Orleans Voodoo : RHP Eddie Kop
Pitching: LHP Fernando Padilla
Batting: SHB Paul Wite 0-0: Ball
1-0: Called Strike
1-1: Swinging Strike
1-2: Ball
2-2: Fly out, F7 (Flyball, 78M)
Batting: RHB Lester Kwiatkowski 0-0: Ground out 5-3 (Groundball, 25)
Batting: LHB Yataro Kodo 0-0: Ball
1-0: Called Strike
1-1: Foul Ball, location: 2F
1-2: Strikes out swinging
Top of the 8th over - 0 runs, 0 hits, 0 errors, 0 left on base; Seattle 3 - New Orleans 9
BOTTOM OF THE 8TH
New Orleans Voodoo batting - Pitching for Seattle Aviators : RHP Jeff Territt
Batting: RHB Colm Goodwill 0-0: Ball
1-0: SINGLE (Line Drive, 7S)
Batting: RHB Sergio Vásquez 0-0: Foul Ball, location: 2F
0-1: Ball
1-1: Ball
2-1: Fielders Choice at 2nd, 1-6 (Groundball, 13)
Pitching: RHP Alain Arnaud
Batting: RHB Orlando Velásquez 0-0: Ball
1-0: Called Strike
1-1: SINGLE (Groundball, 4D)
Sergio Vásquez to second
Runner from 2nd tries for 3rd, SAFE, throw made to third
Pinch Runner at 3rd Noah Bushby:
Batting: LHB Chris McKinney 0-0: Ball
1-0: Called Strike
1-1: Foul Ball, location: 2F
1-2: Strikes out swinging
Batting: RHB Griffin Woodfinlevine 0-0: Foul Ball, location: 2F
0-1: Swinging Strike
0-2: Fielders Choice at 2nd, 6-4 (Groundball, 6)
Bottom of the 8th over - 0 runs, 2 hits, 0 errors, 2 left on base; Seattle 3 - New Orleans 9
TOP OF THE 9TH
Seattle Aviators batting - Pitching for New Orleans Voodoo : LHP Fernando Padilla
Now at 1B: Noah Bushby
Batting: RHB Walt Miller 0-0: Ball
1-0: Ball
2-0: Called Strike
2-1: Called Strike
2-2: Foul Ball, location: 2F
2-2: Foul Ball, location: 2F
2-2: Foul Ball, location: 2F
2-2: Strikes out looking
Batting: RHB Albert Zamudio 0-0: Foul Ball, location: 2F
0-1: Foul Ball, location: 2F
0-2: Strikes out swinging
Batting: RHB Andrés López 0-0: Swinging Strike
0-1: Ball
1-1: Ball
2-1: Called Strike
2-2: Ball
3-2: Base on Balls
Batting: LHB Pedro Corona 0-0: Ball
1-0: Swinging Strike
1-1: Foul Ball, location: 2F
1-2: Ball
2-2: Strikes out swinging
Top of the 9th over - 0 runs, 0 hits, 0 errors, 1 left on base; Seattle 3 - New Orleans 9
Friday, March 29th, 2019 - OOTP Baseball 18.8 Build 76